[ AOE2 MATCH · #507161880 ]
UnrankedPersians vs Mongols
Player's team · LOSS
Rival team · WIN
[ REPLAY ANALYSIS · EXTRACTED FROM THE RECORDED GAME ]
Feudal
17:30
Castle
21:21
Imperial
44:44
| APM avg | 57.1 |
| APM peak | 110 |
| eAPM avg | 24.8 |
| Villagers / military | 117 / 131 |
Focus
⚔️ 30.4% · 🌾 69.6%
Knight ×63 · Scout Cavalry ×51 · Skirmisher ×9 · Militia ×5 · Trebuchet (Packed) ×2 · Monk ×1
Feudal
8:26
Castle
21:57
Imperial
45:22
| APM avg | 63.5 |
| APM peak | 103 |
| eAPM avg | 33.3 |
| Villagers / military | 227 / 133 |
Focus
⚔️ 46.0% · 🌾 54.0%
Mangudai ×42 · Spearman ×40 · Archer ×23 · Monk ×9 · Trebuchet (Packed) ×8 · Militia ×5
Match map
Initial resources + every placement click. Lines = walls · curves = elevation contours. ◆ gold · ⬟ stone · ● berries · ✦ relic · ◌ wall gap
Your base· ✓ Closed at 21:21 · 57t walls · 2 gate(s)
Cuñaoo's base· Open — opponent sealed themselves in
Smoothed initial terrain · ◌ = detected wall gap · hover for details
Inputs per minute
— MztK | FeNiX - - Cuñaoo
Build order — MztK | FeNiX
First 150 of 384 actions detected
| 0:00 | Queue | Villager (Male) |
| 0:02 | Build | House |
| 0:03 | Build | House |
| 0:21 | Queue | Villager (Male) |
| 0:21 | Queue | Villager (Male) |
| 0:22 | Queue | Villager (Male) |
| 0:34 | Queue | Villager (Male) |
| 1:30 | Queue | Villager (Male) |
| 2:03 | Build | Barracks |
| 2:05 | Build | House |
| 2:27 | Queue | Villager (Male) |
| 2:34 | Queue | Villager (Male) |
| 2:57 | Queue | Militia |
| 3:00 | Queue | Villager (Male) |
| 3:26 | Queue | Militia |
| 3:34 | Queue | Villager (Male) |
| 3:53 | Queue | Militia |
| 4:03 | Queue | Villager (Male) |
| 4:06 | Build | House |
| 4:17 | Queue | Militia |
| 4:23 | Queue | Villager (Male) |
| 4:51 | Queue | Villager (Male) |
| 4:52 | Queue | Villager (Male) |
| 5:20 | Queue | Villager (Male) |
| 5:20 | Queue | Villager (Male) |
| 5:39 | Queue | Villager (Male) |
| 5:39 | Queue | Villager (Male) |
| 6:23 | Queue | Villager (Male) |
| 6:23 | Queue | Villager (Male) |
| 6:27 | Build | House |
| 7:08 | Queue | Villager (Male) |
| 7:08 | Queue | Villager (Male) |
| 7:24 | Build | Lumber Camp |
| 7:31 | Queue | Militia |
| 7:57 | Queue | Villager (Male) |
| 7:58 | Queue | Villager (Male) |
| 7:58 | Queue | Villager (Male) |
| 7:58 | Queue | Villager (Male) |
| 8:32 | Build | Mill |
| 9:04 | Build | Mining Camp |
| 9:06 | Build | House |
| 9:11 | Build | Palisade Wall |
| 9:13 | Build | Palisade Wall |
| 9:16 | Build | Palisade Wall |
| 9:18 | Build | Palisade Wall |
| 9:19 | Queue | Villager (Male) |
| 9:20 | Queue | Villager (Male) |
| 9:20 | Queue | Villager (Male) |
| 9:24 | Build | Lumber Camp |
| 9:26 | Build | House |
| 9:32 | Build | Palisade Wall |
| 9:33 | Build | Palisade Wall |
| 9:36 | Build | Palisade Wall |
| 9:37 | Build | Palisade Wall |
| 9:42 | Build | Palisade Wall |
| 9:51 | Queue | Villager (Male) |
| 9:55 | Build | Palisade Wall |
| 10:02 | Build | House |
| 10:06 | Build | Palisade Wall |
| 10:10 | Build | Palisade Wall |
| 10:16 | Queue | Villager (Male) |
| 10:35 | Build | House |
| 10:43 | Build | House |
| 10:49 | Build | House |
| 10:55 | Research | Loom |
| 10:57 | Build | House |
| 11:00 | Build | Palisade Gate |
| 11:06 | Build | Palisade Gate |
| 11:28 | Build | Palisade Wall |
| 11:30 | Queue | Villager (Male) |
| 12:00 | Queue | Villager (Male) |
| 12:01 | Queue | Villager (Male) |
| 12:09 | Build | Palisade Wall |
| 12:32 | Build | Farm |
| 12:43 | Build | Farm |
| 12:46 | Build | Farm |
| 12:54 | Queue | Villager (Male) |
| 13:05 | Build | Farm |
| 13:12 | Build | Farm |
| 13:14 | Build | Farm |
| 13:15 | Queue | Villager (Male) |
| 13:38 | Build | Farm |
| 13:43 | Queue | Villager (Male) |
| 13:49 | Build | Farm |
| 13:57 | Build | House |
| 14:04 | Queue | Villager (Male) |
| 14:10 | Build | Farm |
| 14:16 | Build | House |
| 14:24 | Build | Farm |
| 14:26 | Build | Farm |
| 14:28 | Build | Farm |
| 14:31 | Queue | Villager (Male) |
| 14:56 | Build | Farm |
| 14:59 | Queue | Villager (Male) |
| 15:03 | Build | Farm |
| 15:22 | Build | Farm |
| 15:26 | Research | Feudal Age |
| 15:26 | Research | Feudal Age |
| 15:55 | Build | Farm |
| 16:11 | Build | Farm |
| 16:21 | Build | House |
| 16:26 | Build | House |
| 16:53 | Build | House |
| 17:10 | Build | Palisade Gate |
| 17:24 | Build | House |
| 17:30 | Age | Feudal Age |
| 17:33 | Build | Market |
| 17:42 | Build | Blacksmith |
| 17:47 | Queue | Villager (Male) |
| 17:50 | Queue | Villager (Male) |
| 18:10 | Build | House |
| 18:43 | Build | Farm |
| 18:47 | Build | Farm |
| 18:56 | Research | Castle Age |
| 19:09 | Build | Watch Tower |
| 19:15 | Research | Double-Bit Axe |
| 19:21 | Build | Farm |
| 19:31 | Build | Farm |
| 20:01 | Build | Stable |
| 20:03 | Build | Stable |
| 20:17 | Research | Horse Collar |
| 20:37 | Research | Scale Barding Armor |
| 20:49 | Build | Farm |
| 21:09 | Research | Forging |
| 21:21 | Age | Castle Age |
| 21:24 | Queue | Knight |
| 21:41 | Queue | Knight |
| 22:13 | Queue | Knight |
| 22:17 | Queue | Villager (Male) |
| 22:25 | Research | Chain Barding Armor |
| 22:28 | Queue | Knight |
| 22:29 | Queue | Villager (Male) |
| 22:40 | Queue | Knight |
| 22:42 | Queue | Knight |
| 22:45 | Queue | Villager (Male) |
| 23:07 | Queue | Villager (Male) |
| 23:22 | Build | House |
| 23:28 | Build | House |
| 23:35 | Queue | Knight |
| 23:35 | Queue | Knight |
| 23:45 | Queue | Villager (Male) |
| 24:24 | Queue | Knight |
| 24:45 | Queue | Villager (Male) |
| 24:45 | Queue | Villager (Male) |
| 24:45 | Queue | Villager (Male) |
| 24:46 | Queue | Villager (Male) |
| 25:02 | Build | Town Center |
| 25:10 | Queue | Knight |
| 25:14 | Queue | Villager (Male) |
| 25:20 | Build | Farm |
Build order — Cuñaoo
First 150 of 565 actions detected
| 0:01 | Queue | Villager (Male) |
| 0:01 | Queue | Villager (Male) |
| 0:01 | Queue | Villager (Male) |
| 0:02 | Build | House |
| 0:03 | Build | House |
| 0:07 | Queue | Villager (Male) |
| 1:21 | Queue | Villager (Male) |
| 1:42 | Queue | Villager (Male) |
| 1:42 | Queue | Villager (Male) |
| 1:55 | Build | Lumber Camp |
| 2:20 | Queue | Villager (Male) |
| 2:20 | Queue | Villager (Male) |
| 2:36 | Queue | Villager (Male) |
| 2:36 | Queue | Villager (Male) |
| 2:47 | Build | House |
| 2:59 | Queue | Villager (Male) |
| 3:04 | Queue | Villager (Male) |
| 3:04 | Queue | Villager (Male) |
| 3:44 | Queue | Villager (Male) |
| 3:44 | Queue | Villager (Male) |
| 3:50 | Build | House |
| 3:57 | Queue | Villager (Male) |
| 3:57 | Queue | Villager (Male) |
| 5:04 | Queue | Villager (Male) |
| 5:05 | Queue | Villager (Male) |
| 5:08 | Queue | Villager (Male) |
| 5:18 | Build | Barracks |
| 5:26 | Queue | Villager (Male) |
| 5:29 | Research | Loom |
| 5:34 | Research | Loom |
| 5:35 | Research | Loom |
| 5:45 | Build | House |
| 6:16 | Research | Feudal Age |
| 6:16 | Research | Feudal Age |
| 6:57 | Queue | Villager (Male) |
| 7:01 | Queue | Militia |
| 7:01 | Queue | Militia |
| 7:07 | Queue | Villager (Male) |
| 7:21 | Queue | Militia |
| 7:21 | Queue | Militia |
| 7:40 | Build | House |
| 8:13 | Queue | Villager (Male) |
| 8:26 | Age | Feudal Age |
| 8:34 | Build | Mining Camp |
| 8:48 | Queue | Villager (Male) |
| 9:01 | Queue | Militia |
| 9:34 | Research | Man-at-Arms (upgrade) |
| 9:36 | Queue | Villager (Male) |
| 9:46 | Build | Archery Range |
| 9:54 | Queue | Villager (Male) |
| 10:02 | Build | House |
| 11:15 | Queue | Villager (Male) |
| 11:15 | Queue | Archer |
| 11:15 | Queue | Archer |
| 11:45 | Queue | Villager (Male) |
| 11:45 | Queue | Villager (Male) |
| 11:47 | Queue | Archer |
| 12:12 | Queue | Archer |
| 12:14 | Queue | Villager (Male) |
| 12:24 | Build | Mill |
| 12:29 | Queue | Archer |
| 12:44 | Queue | Villager (Male) |
| 13:08 | Queue | Archer |
| 13:09 | Queue | Villager (Male) |
| 13:10 | Queue | Villager (Male) |
| 13:17 | Build | Outpost |
| 13:27 | Build | Blacksmith |
| 13:31 | Build | Blacksmith |
| 13:41 | Build | House |
| 13:51 | Build | Farm |
| 13:53 | Build | Farm |
| 13:54 | Build | Farm |
| 13:55 | Build | Farm |
| 13:56 | Build | Farm |
| 14:01 | Build | House |
| 14:04 | Queue | Villager (Male) |
| 14:04 | Queue | Villager (Male) |
| 14:07 | Build | House |
| 14:22 | Build | Farm |
| 14:28 | Queue | Villager (Male) |
| 14:38 | Build | Farm |
| 14:58 | Queue | Villager (Male) |
| 14:58 | Queue | Villager (Male) |
| 15:17 | Build | Farm |
| 15:26 | Queue | Villager (Male) |
| 15:29 | Build | Farm |
| 15:43 | Queue | Archer |
| 15:50 | Queue | Villager (Male) |
| 15:53 | Build | Farm |
| 15:58 | Build | Farm |
| 16:11 | Research | Fletching |
| 16:15 | Queue | Villager (Male) |
| 16:15 | Queue | Villager (Male) |
| 16:24 | Build | Farm |
| 16:37 | Queue | Villager (Male) |
| 16:45 | Queue | Villager (Male) |
| 16:51 | Queue | Archer |
| 16:52 | Queue | Villager (Male) |
| 16:59 | Queue | Villager (Male) |
| 17:03 | Queue | Archer |
| 17:11 | Build | Farm |
| 17:12 | Build | Farm |
| 17:16 | Queue | Villager (Male) |
| 17:24 | Queue | Villager (Male) |
| 17:30 | Queue | Villager (Male) |
| 17:43 | Build | Farm |
| 18:14 | Build | Market |
| 18:24 | Research | Town Watch |
| 18:31 | Build | House |
| 18:50 | Build | Palisade Wall |
| 18:52 | Queue | Villager (Male) |
| 19:15 | Research | Castle Age |
| 19:16 | Research | Castle Age |
| 19:38 | Queue | Archer |
| 20:04 | Queue | Archer |
| 20:11 | Research | Double-Bit Axe |
| 20:11 | Research | Double-Bit Axe |
| 20:13 | Research | Horse Collar |
| 20:13 | Research | Horse Collar |
| 20:23 | Queue | Archer |
| 20:34 | Build | House |
| 21:42 | Queue | Archer |
| 21:44 | Queue | Villager (Male) |
| 21:55 | Build | Lumber Camp |
| 21:57 | Age | Castle Age |
| 22:04 | Research | Bodkin Arrow |
| 22:04 | Research | Crossbowman (upgrade) |
| 22:04 | Research | Crossbowman (upgrade) |
| 22:10 | Build | Monastery |
| 22:13 | Queue | Spearman |
| 22:25 | Queue | Villager (Male) |
| 22:32 | Build | Palisade Wall |
| 22:33 | Queue | Villager (Male) |
| 22:35 | Research | Bow Saw |
| 22:35 | Research | Bow Saw |
| 22:39 | Build | Lumber Camp |
| 22:48 | Queue | Villager (Male) |
| 22:55 | Queue | Monk |
| 22:56 | Queue | Villager (Male) |
| 22:59 | Build | Outpost |
| 23:00 | Queue | Villager (Male) |
| 23:04 | Queue | Villager (Male) |
| 23:13 | Queue | Villager (Male) |
| 23:18 | Queue | Villager (Male) |
| 23:21 | Queue | Villager (Male) |
| 23:37 | Queue | Villager (Male) |
| 23:41 | Build | Stone Wall |
| 23:45 | Build | House |
| 23:47 | Build | House |
| 23:48 | Build | Stone Wall |
Match timeline
| 2:03 | MztK | FeNiX · first_building Barracks |
| 5:18 | Cuñaoo · first_building Barracks |
| 8:26 | Cuñaoo · age_up feudal |
| 9:11 | MztK | FeNiX · wall_segment Palisade Wall x6 |
| 9:13 | MztK | FeNiX · wall_segment Palisade Wall x7 |
| 9:16 | MztK | FeNiX · wall_segment Palisade Wall x3 |
| 9:18 | MztK | FeNiX · wall_segment Palisade Wall x1 |
| 9:32 | MztK | FeNiX · wall_segment Palisade Wall x1 |
| 9:33 | MztK | FeNiX · wall_segment Palisade Wall x1 |
| 9:36 | MztK | FeNiX · wall_segment Palisade Wall x1 |
| 9:37 | MztK | FeNiX · wall_segment Palisade Wall x1 |
| 9:42 | MztK | FeNiX · wall_segment Palisade Wall x4 |
| 9:46 | Cuñaoo · first_building Archery Range |
| 9:55 | MztK | FeNiX · wall_segment Palisade Wall x11 |
| 10:06 | MztK | FeNiX · wall_segment Palisade Wall x5 |
| 10:10 | MztK | FeNiX · wall_segment Palisade Wall x9 |
| 11:28 | MztK | FeNiX · wall_segment Palisade Wall x5 |
| 12:09 | MztK | FeNiX · wall_segment Palisade Wall x4 |
| 17:30 | MztK | FeNiX · age_up feudal |
| 18:50 | Cuñaoo · wall_segment Palisade Wall x1 |
| 19:12 | Cuñaoo · first_market_buy 100 food |
| 19:15 | Cuñaoo · first_market_sell 100 wood |
| 20:01 | MztK | FeNiX · first_building Stable |
| 21:21 | MztK | FeNiX · age_up castle |
| 21:57 | Cuñaoo · age_up castle |
| 22:10 | Cuñaoo · first_building Monastery |
| 22:32 | Cuñaoo · wall_segment Palisade Wall x12 |
| 23:41 | Cuñaoo · wall_segment Stone Wall x1 |
| 23:48 | Cuñaoo · wall_segment Stone Wall x1 |
| 23:50 | Cuñaoo · wall_segment Stone Wall x1 |
| 24:50 | MztK | FeNiX · first_market_buy 100 stone |
| 25:40 | Cuñaoo · first_building Siege Workshop |
| 26:30 | Cuñaoo · wall_segment Stone Wall x1 |
| 26:37 | Cuñaoo · wall_segment Stone Wall x1 |
| 26:39 | Cuñaoo · wall_segment Stone Wall x1 |
| 26:45 | Cuñaoo · wall_segment Stone Wall x1 |
| 26:46 | Cuñaoo · wall_segment Stone Wall x1 |
| 27:05 | Cuñaoo · wall_segment Stone Wall x1 |
| 27:07 | Cuñaoo · wall_segment Stone Wall x1 |
| 27:11 | Cuñaoo · wall_segment Stone Wall x1 |
| 27:14 | Cuñaoo · wall_segment Stone Wall x1 |
| 27:17 | Cuñaoo · wall_segment Stone Wall x1 |
| 27:18 | Cuñaoo · wall_segment Stone Wall x1 |
| 32:28 | Cuñaoo · first_building Castle |
| 32:50 | Cuñaoo · wall_segment Stone Wall x12 |
| 38:51 | Cuñaoo · wall_segment Stone Wall x1 |
| 39:47 | Cuñaoo · wall_segment Stone Wall x1 |
| 41:04 | MztK | FeNiX · first_building Monastery |
| 43:28 | Cuñaoo · wall_segment Stone Wall x15 |
| 43:40 | Cuñaoo · wall_segment Stone Wall x5 |
| 43:59 | MztK | FeNiX · first_building Castle |
| 44:44 | MztK | FeNiX · age_up imperial |
| 45:22 | Cuñaoo · age_up imperial |
| 45:54 | MztK | FeNiX · first_market_sell 100 wood |
| 48:41 | Cuñaoo · wall_segment Stone Wall x1 |
| 48:43 | Cuñaoo · wall_segment Stone Wall x1 |
| 49:15 | MztK | FeNiX · first_building Archery Range |
| 50:07 | Cuñaoo · first_building Stable |
| 52:12 | MztK | FeNiX · resign |
[ AI ANALYSIS · 1 CREDIT ]
What really happened in this match?
Wolo.gg analyzes every decision: build order, eco, micro, common mistakes by bracket. Personalized analysis on WhatsApp or Discord in 30 seconds.
Civ guide
Persians
Perfil
MztK | FeNiX